Map: King's Cove LE

Players

Mez

  • Race: Terran Terran
  • League: Master
  • Spawn Location: 5:00

A.I. 1 (Very Easy) - Winner!

  • Race: Protoss Protoss
  • Spawn Location: 11:00

VOD

Have the link to the VOD?

Description

Time

  • Played on: Aug. 9, 2019, 7:07 a.m.
  • Length: 6:41
Show
View Real Time Build Order
Export as new Build Order

Mez Terran 

Build Orders: Reaper Expand 

Get SALT Encoding   

  12  0:00  SCV  
  13  0:13  SCV  
  14  0:18  Supply Depot  
  14  0:25  SCV  
  15  0:39  SCV  
  15  0:41  Barracks  
  16  0:45  Refinery  
  16  0:51  SCV  
  17  1:03  SCV  
  18  1:16  SCV  
  19  1:29  Reaper, Orbital Command  
  20  1:43  Command Center  
  20  1:51  Bunker  
  20  1:55  SCV  
  21  2:03  Barracks Reactor  
  21  2:07  Supply Depot  
  21  2:10  SCV  
  22  2:22  SCV  
  23  2:36  SCV  
  24  2:41  Marine x2  
  26  2:50  Factory  
  26  2:51  SCV  
  26  2:56  Orbital Command  
  27  3:00  Marine x2  
  27  3:03  SCV  
  30  3:09  Command Center  
  30  3:13  Refinery  
  30  3:15  SCV  
  30  3:18  Marine x2  
  33  3:27  SCV  
  34  3:35  Widow Mine  
  34  3:37  Starport  
  34  3:38  SCV  
  34  3:39  Marine x2  
  39  3:45  SCV  
  40  3:50  SCV, Supply Depot  
  41  3:57  Widow Mine  
  41  3:59  SCV  
  41  4:02  Marine x2  
  46  4:10  Refinery  
  46  4:11  SCV  
  46  4:12  SCV  
  46  4:14  Starport Tech Lab  
  48  4:20  Factory Tech Lab  
  48  4:21  Orbital Command  
  48  4:23  SCV  
  49  4:24  SCV  
  50  4:32  Raven  
  50  4:33  Barracks  
  50  4:35  SCV  
  50  4:36  SCV, Marine x2  
  56  4:47  SCV x2  
  56  4:48  SCV, Barracks  
  56  4:50  Siege Tank  
  62  4:59  SCV  
  64  5:00  SCV  
  64  5:01  SCV  
  64  5:04  Supply Depot  
  64  5:06  Supply Depot  
  65  5:11  SCV  
  65  5:12  Refinery, SCV  
  65  5:13  SCV, Marine  
  69  5:24  Orbital Command  
  69  5:25  Marine  
  69  5:27  Starport Reactor  
  70  5:32  Marine x2  
  70  5:35  SCV x2  
  74  5:40  Supply Depot  
  74  5:41  Factory Tech Lab  
  74  5:44  Marine, Supply Depot  
  74  5:47  SCV, Marine  
  77  5:50  SCV x2  
  77  5:51  Engineering Bay  
  77  5:52  Engineering Bay  
  79  5:59  SCV  
  79  6:00  Barracks x2  
  79  6:01  Marine, Marauder  
  79  6:02  SCV, Marine  
  79  6:03  Siege Tank  
  88  6:09  SCV  
  88  6:11  SCV, Marine  
  91  6:14  SCV  
  96  6:22  SCV  
  96  6:23  SCV  
  100  6:25  Refinery  
  100  6:26  SCV  
  101  6:35  Supply Depot  
  101  6:37  Supply Depot  
Show
View Real Time Build Order
Export as new Build Order

A.I. 1 (Very Easy) Protoss - Winner!

Build Orders:  

Get SALT Encoding   

  12  0:00  Probe  
  13  0:13  Probe  
  14  0:21  Pylon  
  14  0:37  Assimilator  
  14  0:42  Gateway  
  14  0:47  Pylon  
  14  1:18  Assimilator  
  14  1:25  Probe  
  14  1:31  Zealot  
  17  1:33  Probe, Cybernetics Core  
  18  1:41  Probe  
  19  1:51  Probe  
  20  2:00  Warp Gate  
  20  2:01  Probe  
  21  2:09  Probe  
  22  2:39  Stalker  
  24  5:59  Probe  
Tags
 
Add a new tag
Caveats
  • Supply blocks, unpowered buildings, or Contaminate may cause inaccurate times.
  • Supply counts are checked every 10 seconds.